 Dungeon Crawl Stone Soup version 0.31-a0-188-g5e087ee2ca (webtiles) character file.

Game seed: 202798346920952271

88 qw the Shooter (level 4, 0/25 HPs)
             Began as a Deep Elf Hunter on June 23, 2023.
             Succumbed to their own poison gas
             ... on level 2 of the Dungeon.
             The game lasted 00:00:30 (1243 turns).

qw the Shooter (Deep Elf Hunter)                    Turns: 1243, Time: 00:00:30

Health: 0/25       AC:  8    Str: 10    XL:     4   Next: 30%
Magic:  6/6        EV: 11    Int: 14    God:
Gold:   65         SH:  0    Dex: 18    Spells: 3/3 levels left

rFire   . . .        Y - +0 shortbow
rCold   . . .        (shield currently unavailable)
rNeg    . . .        e - +0 ring mail
rPois   .            j - +2 helmet
rElec   .            (no cloak)
rCorr   .            (no gloves)
SInv    .            (no boots)
Will    .....        (no amulet)
Stlth   +            (no ring)
HPRegen 0.24/turn    (no ring)
MPRegen 0.10/turn

%: no passive effects
@: lethally poisoned (0 -> -3)
A: no striking features
a: no special abilities


You were on level 2 of the Dungeon.
You visited 1 branch of the dungeon, and saw 2 of its levels.

You collected 65 gold pieces.


   Skills:
 - Level 1.5 Fighting
 + Level 7.7 Ranged Weapons
 - Level 2.4 Dodging
 - Level 1.2 Stealth


You had 3 spell levels left.
You didn't know any spells.
Your spell library was empty.

Inventory:

Hand Weapons
 Y - a +0 shortbow (weapon)
Armour
 e - a +0 ring mail (worn)
 j - a +2 helmet (worn)
Scrolls
 a - a scroll of identify
Potions
 b - a potion of attraction {unknown}
 d - a potion of mutation {unknown}
 g - a potion of heal wounds {unknown}
 h - a potion of lignification {unknown}
 i - a potion of resistance {unknown}

Dungeon Overview and Level Annotations

Branches:
Dungeon (2/15)

Altars:


Message History

1233 ||| DROPPING +0 leather armour.
You drop a +0 leather armour.
Done exploring.
1234 ||| READING scroll labelled ZOZXUN IZYDU.
The air fills with toxic fumes!
As you read the scroll labelled ZOZXUN IZYDU, it crumbles to dust.
It was a scroll of poison.
Done exploring.
(D) Dungeon
Where to? (* - list waypoints, Enter - D:2, ? - help)
What level of the Dungeon? (default 1, ? - help) Sorry, I don't know how to get there.
Enter note:
Enter note:
Enter note:
Enter note:
Enter note:
Enter note:
Enter note:
Enter note:
Enter note: Really walk into that cloud of poison gas?
You are engulfed in poison gas.
You are poisoned.
You feel very sick.
1236 ||| Stepping ~*~*~tactically~*~*~ (cloud).
You feel very sick.
There is an escape hatch in the ceiling here.
There is a lethal amount of poison in your body!
You feel very sick.
There is a lethal amount of poison in your body!
You feel sick.
There is a lethal amount of poison in your body!
You feel sick.
There is a lethal amount of poison in your body!
You feel sick.
There is a lethal amount of poison in your body!
You feel sick.
There is a lethal amount of poison in your body!
You feel sick.
There is a lethal amount of poison in your body!
You die...

### ######### ##¤##
#.......#
#######¤00###.#####.#
#....<.@#[.##.#####.#
#)###..###.......##.# #.#
#.## ##.#.##.##.# #.#
##.###:##.##.##.# #.#
##.#.###.......# #.# ##.##
####.#### ###.# #########
#...# #...#
#.......###...###
###.######.......#.......#


There were no monsters in sight!

Vanquished Creatures
  Jessica (D:2)
  2 adders (D:2)
  2 worms (D:2)
  2 dart slugs
  A bat (D:1)
  5 endoplasms
  4 goblins (D:1)
  5 hobgoblins
  A quokka (D:2)
  5 ball pythons
  4 frilled lizards
  3 kobolds
35 creatures vanquished.

Notes
Turn   | Place    | Note
-------+----------+-------------------------------------------
     0 | D:1      | qw the Deep Elf Hunter began the quest for the Orb.
     0 | D:1      | Reached XP level 1. HP: 12/12 MP: 3/3
     0 | D:1      | 0 ||| qw: Version: 0.3-a-9-g12657ce
     0 | D:1      | 0 ||| qw: Game counter: 3655
     0 | D:1      | 0 ||| qw: Always use a shield: true
     0 | D:1      | 0 ||| qw: God list: Okawaru
     0 | D:1      | 0 ||| qw: Allow faded altars: false
     0 | D:1      | 0 ||| qw: Do Orc after D:15 true
     0 | D:1      | 0 ||| qw: Do second Lair branch before Depths: true
     0 | D:1      | 0 ||| qw: Lair rune preference: random
     0 | D:1      | 0 ||| qw: Plans: Normal
     0 | D:1      | 0 ||| PLANNING D:1-11
   214 | D:1      | Reached XP level 2. HP: 16/16 MP: 4/4
   215 | D:1      | Reached skill level 6 in Ranged Weapons
   583 | D:1      | 583 ||| UPGRADING to +2 helmet.
   588 | D:1      | 588 ||| READING 2 scrolls labelled ERUCAO OSAAQO.
   589 | D:1      | 589 ||| READING scroll labelled USYTIESUHIS.
   590 | D:1      | 590 ||| DRINKING 2 fuming inky potions.
   591 | D:1      | 591 ||| DROPPING scroll of butterflies.
   592 | D:1      | 592 ||| DROPPING potion of invisibility.
   628 | D:2      | Noticed Jessica
   635 | D:2      | Killed Jessica
   636 | D:2      | Reached skill level 7 in Ranged Weapons
   636 | D:2      | Reached XP level 3. HP: 15/20 MP: 5/5
   795 | D:2      | Reached XP level 4. HP: 25/25 MP: 6/6
  1223 | D:2      | 1223 ||| UPGRADING to +0 ring mail.
  1233 | D:2      | 1233 ||| DROPPING +0 leather armour.
  1234 | D:2      | 1234 ||| READING scroll labelled ZOZXUN IZYDU.
  1236 | D:2      | 1236 ||| Stepping ~*~*~tactically~*~*~ (cloud).
  1238 | D:2      | HP: 6/25 [poisoned by you (poison gas)]
  1240 | D:2      | HP: 2/25 [poisoned by you (poison gas)]
  1243 | D:2      | Succumbed to their own poison gas

Levels and vault maps discovered:
D:1:      ncdulo_halloftheorcs, layout_basic
D:2:      layout_loops_cross, uniq_jessica

Skill      XL: |  1  2 |
---------------+-------+-----
Ranged Weapons | 7 |  7.7
Fighting       | |  1.5
Dodging        | |  2.4
Stealth        | |  1.2

Action                     |  1- 3 |  4- 6 || total
---------------------------+-------+-------++-------
   Fire: Shortbow          |    67 |    37 ||   104
    Use: Scroll            |     2 |     1 ||     3
         Potion            |     1 |       ||     1
 Armour: Leather armour    |     5 |     6 ||    11
  Dodge: Dodged            |     7 |    15 ||    22

Table legend:
 A = Non-vault XP
 B = Vault XP
 C = Vault XP percentage of total XP
 D = Non-vault monster count
 E = Vault monster count
 F = Vault count percentage of total count
                 A         B        C        D         E       F
            +---------+---------+-------+---------+---------+-------
      Total |      90 |      37 |  29.1 |      34 |       1 |   2.9
            +---------+---------+-------+---------+---------+-------
        D:1 |      28 |       0 |   0.0 |      16 |       0 |   0.0
        D:2 |      62 |      37 |  37.4 |      18 |       1 |   5.3
            +---------+---------+-------+---------+---------+-------
